 Dungeon Crawl Stone Soup version 0.23.0-3-gf3c87f2 (webtiles) character file.

Game seed: 10617630911167761350

377 vishdafish the Skirmisher (level 6, -2/48 HPs)
             Began as a Demonspawn Fighter on Feb 22, 2019.
             Slain by an ogre
             ... wielding a +0 giant spiked club
              (20 damage)
             ... on level 4 of the Dungeon.
             The game lasted 00:04:10 (2916 turns).

vishdafish the Skirmisher (Demonspawn Fighter)      Turns: 2916, Time: 00:04:10

Health: -2/48      AC: 11    Str: 17    XL:     6   Next: 45%
Magic:  6/6        EV:  8    Int: 11    God:
Gold:   92         SH:  9    Dex: 16    Spells: 5/5 levels left

rFire    . . .     SeeInvis .   a - +0 long sword
rCold    . . .     Gourm    .   c - +0 shield
rNeg     . . .     Faith    .   d - +2 scale mail {rPois}
rPois    +         Spirit   .   (no helmet)
rElec    .         Reflect  .   k - +0 cloak {rPois}
rCorr    .         Harm     .   l - +0 pair of gloves
MR       .....                  (no boots)
Stlth    +.........             (no amulet)
HPRegen  0.16/turn              t - +2 ring of dexterity
MPRegen  0.10/turn              (no ring)

@: no status effects
A: talons 1, agile 1, sturdy frame 2
a: no special abilities


You were on level 4 of the Dungeon.
You were hungry.

You visited 1 branch of the dungeon, and saw 4 of its levels.

You collected 92 gold pieces.

Inventory:

Hand Weapons
 a - a +0 long sword (weapon)
Armour
 b - a +0 scale mail
 c - a +0 shield (worn)
 d - a +2 scale mail of poison resistance (worn)
 k - a +0 cloak of poison resistance (worn)
 l - a +0 pair of gloves (worn)
 q - a +0 pair of boots
Jewellery
 t - a +2 ring of dexterity (left hand)
Wands
 v - a wand of iceblast (5)
 x - a wand of digging (5)
Scrolls
 e - a scroll of fog
 g - a scroll of enchant armour {unknown}
 h - 2 scrolls of identify
 n - a scroll of noise {unknown}
 p - a scroll of random uselessness {unknown}
 r - a scroll of fear {unknown}
 s - a scroll of enchant weapon {unknown}
 u - a scroll of teleportation {unknown}
 w - a scroll of remove curse {unknown}
Potions
 i - 2 potions of curing
 j - a potion of agility {unknown}
 m - 2 potions of ambrosia {unknown}
 o - a potion of cancellation {unknown}
Comestibles
 f - 7 rations


   Skills:
 + Level 4.1 Fighting
 * Level 3.8 Long Blades
 + Level 4.0 Armour
 - Level 0.1 Dodging
 + Level 3.9 Shields


You had 5 spell levels left.
You didn't know any spells.
Your spell library was empty.

Dungeon Overview and Level Annotations

Branches:
Dungeon (3/15)

Altars:
Ru
Sif Muna

Shops:
D:4 *

Annotations:
D:3 1 runed translucent door, Crazy Yiuf


Innate Abilities, Weirdness & Mutations

Your movements are less encumbered by armour. (ER -4)
You have sharp toenails.
You are agile. (Dex +2)


Message History

You are too injured to fight recklessly!
You are too injured to fight recklessly!
You are too injured to fight recklessly!
You are too injured to fight recklessly!
You are too injured to fight recklessly!
You are too injured to fight recklessly!
You are too injured to fight recklessly!
You are too injured to fight recklessly!
You are too injured to fight recklessly!
You are too injured to fight recklessly!
You are too injured to fight recklessly!
You are too injured to fight recklessly!
Your shield and scale mail prevent you from hitting the ogre.
You claw the ogre.
The ogre is severely wounded.
You block the ogre's attack.
You slash the ogre!
The ogre is almost dead.
The ogre hits you with a +0 giant spiked club!!
You die...

.......... #....
.............# #....
.............# #####....
.............###....##..
.....(........#....##..
#............#....##..
#............#....##..
#..........###....##..
#..(O@..[....'........
#...)......###........
#.####...........#+#.. #
+................
#................
...##########..... #...#
......... #...#
.......... .. ..........


You could see an ogre.

Vanquished Creatures
  An ogre (D:4)
  An orc wizard (D:3)
  Terence (D:2)
  Natasha (thrice) (D:2)
  A worker ant (D:4)
  A gnoll (D:1)
  6 adders
  A worm (D:2)
  2 dart slugs
  2 leopard geckos
  3 orcs (D:4)
  8 bats
  4 giant cockroaches
  7 goblins
  7 hobgoblins
  4 jackals (D:2)
  8 kobolds
  2 ball pythons
  4 frilled lizards
  7 rats
73 creatures vanquished.

Vanquished Creatures (others)
  3 plants (D:1)
3 creatures vanquished.

Grand Total: 76 creatures vanquished

Notes
Turn   | Place    | Note
-------+----------+-------------------------------------------
     0 | D:1      | vishdafish the Demonspawn Fighter began the quest for the
                  | Orb.
     0 | D:1      | Reached XP level 1. HP: 18/18 MP: 1/1
   147 | D:1      | Gained mutation: Your movements are slightly less
                  | encumbered by armour. (ER -2) [demonic ancestry]
   147 | D:1      | Reached XP level 2. HP: 22/24 MP: 2/2
   861 | D:1      | Gained mutation: Your movements are less encumbered by
                  | armour. (ER -4) [demonic ancestry]
   861 | D:1      | Reached XP level 3. HP: 22/29 MP: 3/3
  1359 | D:2      | Noticed Terence
  1368 | D:2      | Killed Terence
  1368 | D:2      | Reached XP level 4. HP: 10/35 MP: 4/4
  1873 | D:2      | Found a deep blue altar of Sif Muna.
  2035 | D:2      | Noticed Natasha
  2047 | D:2      | Killed Natasha
  2047 | D:2      | Reached XP level 5. HP: 25/42 MP: 5/5
  2054 | D:2      | Noticed Natasha
  2060 | D:2      | Killed Natasha
  2112 | D:2      | Noticed Natasha
  2124 | D:2      | Gained mutation: You are agile. (Dex +2) [potion of
                  | mutation]
  2124 | D:2      | Gained mutation: You have sharp toenails. [potion of
                  | mutation]
  2125 | D:2      | Killed Natasha
  2406 | D:3      | Found a runed translucent door.
  2407 | D:3      | Noticed Crazy Yiuf
  2575 | D:3      | Found a sacrificial altar of Ru.
  2616 | D:3      | You fall through a shaft!
  2620 | D:4      | Noticed an ogre
  2634 | D:4      | Killed an ogre
  2634 | D:4      | Reached XP level 6. HP: 22/48 MP: 6/6
  2878 | D:4      | Found Gozag's Platinum Reserve.
  2916 | D:4      | Slain by an ogre

Skill      XL: |  1  2  3  4  5 |
---------------+----------------+-----
Armour         | 3 4 |  4.0
Shields        | 3 |  3.9
Long Blades    | 2 3 |  3.8
Fighting       | 4 |  4.1
Dodging        | |  0.1

Action                   |  1- 3 |  4- 6 || total
-------------------------+-------+-------++-------
Melee: Long sword        |   117 |   125 ||   242
       Kick              |       |    17 ||    17
Evoke: Wand              |       |     2 ||     2
  Use: Potion            |     1 |     2 ||     3
       Scroll            |       |     2 ||     2
 Stab: Paralysed         |       |     1 ||     1
  Eat: Chunk             |     2 |     4 ||     6
Armor: Scale mail        |    56 |    44 ||   100
Dodge: Dodged            |    40 |    44 ||    84
Block: Shield            |    48 |    62 ||   110
       Rpst.: Long sword |    18 |    14 ||    32
